 Dungeon Crawl Stone Soup version 0.28.0-1-gb440e238dd (webtiles) character file.

Game seed: 18355697044099334173

53 zeram the Covered (level 3, 0/24 HPs)
             Began as a Gargoyle Fighter on Feb 26, 2022.
             Slain by a goblin (6 damage)
             ... led by Robin
             ... on level 2 of the Dungeon.
             The game lasted 00:01:26 (1263 turns).

zeram the Covered (Gargoyle Fighter)                Turns: 1263, Time: 00:01:26

Health: 0/24       AC: 10    Str: 21    XL:     3   Next: 87%
Magic:  3/3        EV:  9    Int:  8    God:
Gold:   36         SH:  4    Dex:  9    Spells: 2/2 levels left

rFire   . . .      SeeInvis .   a - +0 flail
rCold   . . .      Faith    .   c - +0 buckler
rNeg    + . .      Spirit   .   b - +0 scale mail
rPois   ∞          Reflect  .   (no helmet)
rElec   +          Harm     .   (no cloak)
rCorr   .          Rampage  .   (no gloves)
Will    .....                   (no boots)
Stlth   ..........              (no amulet)
HPRegen 0.08/turn               (no ring)
MPRegen 0.08/turn               (no ring)

@: no status effects
A: sickness immunity, AC +3, negative energy resistance 1, electricity
resistance, torment resistance 1, petrification resistance
a: no special abilities


You were on level 2 of the Dungeon.
You visited 1 branch of the dungeon, and saw 2 of its levels.

You collected 36 gold pieces.

Inventory:

Hand Weapons
 a - a +0 flail (weapon)
Armour
 b - a +0 scale mail (worn)
 c - a +0 buckler (worn)
Scrolls
 f - a scroll of fog
Potions
 d - a potion of might
 e - a potion of brilliance {unknown}
 g - a potion of haste {unknown}
 h - a potion of heal wounds
 i - a potion of berserk rage {unknown}
 j - a potion of attraction {unknown}


   Skills:
 + Level 3.7 Fighting
 + Level 2.7 Maces & Flails
 + Level 3.8 Armour
 + Level 0.5 Dodging
 + Level 3.6 Shields


You had 2 spell levels left.
You didn't know any spells.
Your spell library contained the following spells:

 Spells                   Type           Power      Damage    Failure   Level
 Corpse Rot               Necr/Air       0%         N/A       93%         2
 Poisonous Vapours        Pois/Air       0%         N/A       93%         2
 Gell's Gravitas          Tloc           0%         N/A       99%         3
 Lesser Beckoning         Tloc           0%         N/A       99%         3
 Teleport Other           Tloc           0%         N/A       99%         3


Dungeon Overview and Level Annotations

Branches:
Dungeon (2/15)

Altars:

Annotations:
D:2 Robin


Innate Abilities, Weirdness & Mutations

You are immune to sickness and miasma.
Your stone body is resilient. (AC +3)
You are immune to poison.
You resist negative energy. (rN+)
You are resistant to electric shocks. (rElec)
You are resistant to unholy torment.
You are immune to petrification.


Message History

The goblins go into a battle-frenzy!
You block the goblin's attack. Robin throws the goblin at you!
You hear a shout!
You barely miss the goblin. The goblin barely misses you.
The goblin closely misses you. The goblin completely misses you.
The hobgoblin hits you. You block the goblin's attack.
You barely miss the goblin. The goblin barely misses you.
The goblin closely misses you.
The hobgoblin hits you but does no damage.
The goblin hits you with a +0 club. The goblin barely misses you.
The goblin hits you but does no damage.
You closely miss the hobgoblin. The hobgoblin barely misses you.
The hobgoblin misses you. You block the goblin's attack.
The goblin barely misses you. The goblin hits you but does no damage.
A goblin comes into view. It is wielding a +0 dagger.
The hobgoblin barely misses you.
The hobgoblin hits you but does no damage.
The goblin shouts!
You sock the hobgoblin!
You kill the hobgoblin!
You hear a shout!
The goblin hits you with a +0 club. You block the goblin's attack.
The hobgoblin closely misses you.
A hobgoblin comes into view.
The goblin barely misses you.
You are too injured to fight recklessly!
You are too injured to fight recklessly!
You are too injured to fight recklessly!
You are too injured to fight recklessly!
You are too injured to fight recklessly!
You are too injured to fight recklessly!
The goblin hits you with a +0 dagger.
* * * LOW HITPOINT WARNING * * *
Robin throws the goblin at you! The goblin barely misses you.
You closely miss the goblin. The goblin barely misses you.
The goblin hits you but does no damage. The hobgoblin barely misses you.
The goblin closely misses you.
A goblin comes into view. It is wielding a +0 dagger.
The goblin hits you with a +0 club.
You die...

.####.
###.........##..).....
#.......#...##........
#.........####........
#.......#.# #.......[
####.####.# ##.......
#.# #†# #####...
.######.####.### ...
#g........##...#####
#.g.g.gg@.##........
#......ggg..........
#.........##[.......
#.........##........
#######..###........
#..# #........ #..#
#........ ...#
#........ ....#
#........


You could see Robin, 2 hobgoblins and 5 goblins.

Vanquished Creatures
  3 adders
  A ball python (D:2)
  2 bats
  2 endoplasms (D:1)
  2 goblins (D:2)
  6 hobgoblins
  4 kobolds
  A quokka (D:1)
  2 frilled lizards (D:2)
  A rat (D:1)
24 creatures vanquished.

Notes
Turn   | Place    | Note
-------+----------+-------------------------------------------
     0 | D:1      | zeram the Gargoyle Fighter began the quest for the Orb.
     0 | D:1      | Reached XP level 1. HP: 14/14 MP: 1/1
   599 | D:1      | Reached XP level 2. HP: 16/19 MP: 2/2
   911 | D:2      | Reached XP level 3. HP: 19/24 MP: 3/3
  1255 | D:2      | Noticed Robin
  1263 | D:2      | Slain by a goblin

Illustrated notes

Levels and vault maps discovered:
D:1:      minmay_arrival_shattered_statue, layout_loops_ring,
          nrook_loot_triangle
D:2:      layout_basic, uniq_jessica, uniq_robin

Action                   || total
-------------------------++-------
Melee: Flail             ||   112
  Use: Scroll            ||     3
Armor: Scale mail        ||   104
Dodge: Dodged            ||    76
Block: Buckler           ||    35
